 Dungeon Crawl Stone Soup version 0.28.0 (webtiles) character file.

Game seed: 2377541915511744054

7 sanka the Magician (level 1, 11/11 HPs)
             Began as a Deep Elf Transmuter on Feb 9, 2022.
             Was a Follower of Jiyva.
             Quit the game on level 1 of the Dungeon.
             The game lasted 00:00:57 (386 turns).

sanka the Magician (Deep Elf Transmuter)             Turns: 386, Time: 00:00:57

Health: 11/11      AC:  2    Str:  7    XL:     1   Next: 83%
Magic:  6/6        EV: 12    Int: 17    God:    Jiyva [*.....]
Gold:   12         SH:  0    Dex: 15    Spells: 5/6 levels left

rFire   . . .      SeeInvis .     - Unarmed
rCold   . . .      Faith    .   (no shield)
rNeg    . . .      Spirit   .   a - +0 robe
rPois   .          Reflect  .   (no helmet)
rElec   .          Harm     .   (no cloak)
rCorr   .          Rampage  .   (no gloves)
Will    .....                   (no boots)
Stlth   +.........              (no amulet)
HPRegen 0.83/turn               (no ring)
MPRegen 0.35/turn               (no ring)

@: no status effects
A: no striking features
a: Renounce Religion


You were on level 1 of the Dungeon.
You worshipped Jiyva.
Jiyva was aware of your devotion.
You visited 1 branch of the dungeon, and saw 1 of its levels.

You collected 12 gold pieces.

Inventory:

Armour
 a - a +0 robe (worn)
Potions
 b - a potion of heal wounds {unknown}


   Skills:
 - Level 0.7 Fighting
 - Level 2.4 Dodging
 - Level 2.4 Unarmed Combat
 + Level 3.2 Spellcasting
 + Level 2.4 Transmutations
 + Level 0.8 Poison Magic


You had 5 spell levels left.
You knew the following spells:

 Your Spells              Type           Power      Damage    Failure   Level
a - Beastly Appendage     Tmut           22%        N/A       6%          1

Your spell library contained the following spells:

 Spells                   Type           Power      Damage    Failure   Level
 Wereblood                Tmut           11%        N/A       10%         2
 Spider Form              Tmut/Pois      8%         N/A       26%         3
 Ice Form                 Ice/Tmut       6%         N/A       71%         4


Dungeon Overview and Level Annotations

Branches:
Dungeon (1/15)

Altars:
Jiyva


Message History

Magic restored.
Your transformation is almost over.
Your horns disappear.
Your talons disappear.
A ball python comes into view.
The ball python hisses angrily.
You grow a pair of large bovine horns.
Your feet morph into talons.
You hit the ball python.
You kill the ball python!
You start resting.
Your transformation is almost over.
Magic restored.
Your horns disappear.
Your talons disappear.
Found a spear.
Found 23 stones.
Found 27 stones.
You now have 12 gold pieces.
Found an escape hatch in the floor.
A rat comes into view.
You grow a pair of large bovine horns.
Your feet morph into talons.
The rat bites you.
You hit the rat.
You kill the rat!
You see here a rat corpse.
You start resting.
Your transformation is almost over.
HP restored.
Your horns disappear.
Your talons disappear.
You open the door.
Found a faded altar of an unknown god.
There is an open door here.
You open the door.
There is an open door here.
There is a faded altar of an unknown god here.
You cannot tell which god this altar belongs to.
Convert to them anyway?
Jiyva accepts your prayer! Jiyva welcomes you!
Jiyva begins accelerating your health and magic regeneration.
Unknown command.
Press < or > to pray at altars.
Are you sure you want to abandon this character and quit the game? (Confirm with "yes".)

#..#.#.#.......#.#
#.#....#.....(.#.#
#.#..##..#####'#.#
##.#..##..#P....#
.[....##. #.###8#
#....###. #.#..P#
.....# #.#.#.##
####.# #.'P#..##
.# .# #####.@P# .#
.. ##.P# .# ###
##.# .# ..
.######## 8##
........# ..
#.#####.# +# #.#
#.# ..# #.#


There were no monsters in sight!

Vanquished Creatures
  A goblin (D:1)
  2 hobgoblins (D:1)
  A ball python (D:1)
  A frilled lizard (D:1)
  A kobold (D:1)
  A rat (D:1)
7 creatures vanquished.

Notes
Turn   | Place    | Note
-------+----------+-------------------------------------------
     0 | D:1      | sanka the Deep Elf Transmuter began the quest for the Orb.
     0 | D:1      | Reached XP level 1. HP: 11/11 MP: 6/6
   370 | D:1      | Found a faded altar of an unknown god.
   385 | D:1      | Prayed at the altar of an unknown god.
   385 | D:1      | Became a worshipper of Jiyva Jugiyh the Shapeless
   385 | D:1      | Reached * piety under Jiyva
   386 | D:1      | Quit the game

Illustrated notes

Levels and vault maps discovered:
D:1:      dpeg_arrival_pond, layout_basic, serial_shops,
          nicolae_shop_behind_doors, shapermc_ecumenical_altar_ellora,
          chequers_avenue

Action                   || total
-------------------------++-------
Melee: Unarmed           ||    16
       Kick              ||     5
       Headbutt          ||     3
 Cast: Beastly Appendage ||     6
Armor: Robe              ||     3
Dodge: Dodged            ||     5
